 Dungeon Crawl Stone Soup version 0.26-a0-854-gdc81c2f471 (webtiles) character file.

Game seed: 15145750132278109478

136 jiml777 the Magician (level 4, 0/24 HPs)
             Began as a Deep Elf Air Elementalist on Nov 22, 2020.
             Slain by an ogre
             ... wielding a +0 giant club
              (24 damage)
             ... on level 4 of the Dungeon.
             The game lasted 00:26:11 (3872 turns).

jiml777 the Magician (Deep Elf Air Elementalist)    Turns: 3872, Time: 00:26:11

Health: 0/24       AC:  3    Str:  4 (5)  XL:     4   Next: 98%
Magic:  10/13      EV: 13    Int: 20 (21) God:
Gold:   153        SH:  0    Dex: 14 (15) Spells: 3/13 levels left

rFire    . . .     SeeInvis .   g - +4 dagger (speed)
rCold    + . .     Faith    .   (no shield)
rNeg     . . .     Spirit   .   a - +0 robe
rPois    .         Reflect  .   (no helmet)
rElec    .         Harm     .   (no cloak)
rCorr    .         Rampage  .   (no gloves)
MR       .....                  c - +0 pair of boots
Stlth    ++........             (no amulet)
HPRegen  0.08/turn              d - ring of protection from cold
MPRegen  0.13/turn              r - +4 ring of slaying

@: no status effects
A: no striking features
a: no special abilities


You were on level 4 of the Dungeon.
You visited 1 branch of the dungeon, and saw 4 of its levels.

You collected 153 gold pieces.

Inventory:

Hand Weapons
 g - a +4 dagger of speed (weapon)
 k - a +0 dagger of venom
Missiles
 b - 75 arrows
 m - 21 poisoned darts (quivered)
Armour
 a - a +0 robe (worn)
 c - a +0 pair of boots (worn)
Jewellery
 d - a ring of protection from cold (left hand)
 r - a +4 ring of slaying (right hand)
Scrolls
 e - 2 scrolls of fear
 i - 5 scrolls of identify
 j - 2 scrolls of remove curse {unknown}
 l - 2 scrolls of amnesia {unknown}
 p - a scroll of teleportation
 q - a scroll of blinking {unknown}
Potions
 f - a potion of lignification
 h - a potion of invisibility
 n - 2 potions of might
 o - a potion of curing


   Skills:
 + Level 0.1 Fighting
 + Level 2.7 Dodging
 + Level 2.8 Stealth
 + Level 5.1 Spellcasting
 + Level 2.0 Conjurations
 + Level 4.1 Air Magic


You had 3 spell levels left.
You knew the following spells:

 Your Spells              Type           Power        Failure   Level
a - Shock                 Conj/Air       ###.         3%          1
b - Swiftness             Air            ###.....     3%          2
c - Static Discharge      Conj/Air       ###.....     10%         3
d - Airstrike             Air            ###.......   22%         4

Your spell library contained the following spells:

 Spells                   Type           Power        Failure   Level
 Lightning Bolt           Conj/Air       ###.......   65%         5


Dungeon Overview and Level Annotations

Branches:
Dungeon (4/15)
 Temple: D:4-7

Altars:
Dithmenos

Annotations:
D:4 2 transporters, PolarFrosty's ghost, amateur MiFi


Message History

Casting: Shock (safe; 3% risk of failure)
Confirm with . or Enter, or press ? or * to list all spells.
Aiming: Shock (safe; 3% risk of failure)
Press: ? - help, Shift-Dir - straight line The zap hits the ogre.
The ogre is moderately wounded.
The zap hits the ogre.
The ogre is heavily wounded.
The ogre misses you.
Casting: Shock (safe; 3% risk of failure)
Confirm with . or Enter, or press ? or * to list all spells.
Aiming: Shock (safe; 3% risk of failure)
Press: ? - help, Shift-Dir - straight line The zap hits the ogre.
The ogre is severely wounded.
The zap hits the ogre.
The ogre is severely wounded.
The ogre hits you with a +0 giant club!!
Ouch! That really hurt!
You die...

................# #....+.
................# #....#.
.......O........# #....##
......#'##.....## ##...<#
......#..#.....# #....#
......#..#.....#.... #....#
......##.#.....#...# #....#
...#####'##....#...### .......
...#......#..@.#.....#........
#......#...O#.....#........
#......#....#.....#........
#......#....#.....#
#......#....'.....#
##'###.#....#+##+## ...
#.###......... ...
#...#......... ..
#...#.........


You could see an ogre.

Vanquished Creatures
  An iguana (D:2)
  A hound skeleton (D:4)
  A howler monkey skeleton (D:4)
  3 adders
  2 worms (D:2)
  2 leopard geckos
  An orc (D:3)
  A ball python (D:1)
  3 bats
  A giant cockroach (D:3)
  9 goblins
  4 hobgoblins
  4 jackals (D:1)
  2 quokkas (D:2)
  8 frilled lizards
  7 kobolds
  4 rats
54 creatures vanquished.

Notes
Turn   | Place    | Note
-------+----------+-------------------------------------------
     0 | D:1      | jiml777 the Deep Elf Air Elementalist began the quest for
                  | the Orb.
     0 | D:1      | Reached XP level 1. HP: 10/10 MP: 6/6
   188 | D:1      | Upgraded the game from 0.26-a0-852-g6321bf7485 to
                  | 0.26-a0-854-gdc81c2f471
   278 | D:1      | Reached XP level 2. HP: 15/15 MP: 2/8
  1239 | D:2      | Reached XP level 3. HP: 19/19 MP: 6/9
  2045 | D:2      | Found a shadowy altar of Dithmenos.
  2579 | D:2      | Reached skill level 4 in Spellcasting
  2579 | D:2      | Reached XP level 4. HP: 24/24 MP: 1/12
  2800 | D:2      | You fall into a shaft and drop 2 floors!
  2884 | D:4      | Noticed an ogre
  2887 | D:4      | Reached skill level 5 in Spellcasting
  3820 | D:3      | Learned a level 2 spell: Swiftness
  3824 | D:3      | Learned a level 3 spell: Static Discharge
  3829 | D:3      | Learned a level 4 spell: Airstrike
  3833 | D:4      | Found a transporter.
  3842 | D:4      | Noticed PolarFrosty's ghost (amateur MiFi)
  3867 | D:4      | Found a transporter.
  3872 | D:4      | Slain by an ogre

Illustrated notes

Levels and vault maps discovered:
D:1:      tarquinn_simple_flora_water_f, layout_loops_corners,
          minmay_pentomino_t4
D:2:      layout_loops_ring, nicolae_overflow_hidden_temple,
          minmay_misc_feat_hallway
D:3:      layout_loops_corners
D:4:      layout_gridville, gammafunk_ghost_stat_death

Skill      XL: |  1  2  3  4 |
---------------+-------------+-----
Air Magic      | 4 |  4.1
Spellcasting   | 4 5 |  5.1
Conjurations   | 2 |  2.0
Fighting       | |  0.1
Dodging        | |  2.7
Stealth        | |  2.8

Action                   |  1- 3 |  4- 6 || total
-------------------------+-------+-------++-------
 Cast: Shock             |    84 |    35 ||   119
  Use: Scroll            |     6 |     3 ||     9
       Potion            |     2 |       ||     2
Armor: Robe              |     4 |     3 ||     7
Dodge: Dodged            |    13 |    12 ||    25

Table legend: (Time is in decaauts)
 A = Elapsed time spent in this place.
 B = Non-inter-level travel time spent in this place.
 C = Inter-level travel time spent in this place.
 D = Time resting spent in this place.
 E = Time spent auto-exploring this place.
 F = Levels seen in this place.
 G = Mean time per level.
                   A        B        C        D        E       F      G
               +--------+--------+--------+--------+--------+-----+--------+
         Total |   3851 |   3828 |     23 |   1329 |   1620 |   4 |  962.8 |
       Dungeon |   3851 |   3828 |     23 |   1329 |   1620 |   4 |  962.8 |
               +--------+--------+--------+--------+--------+-----+--------+

Top non-repeatable levels by time:
     D:2: 1676 daAuts
     D:1: 1126 daAuts
     D:3: 891 daAuts
     D:4: 156 daAuts
